Map: Pillars of Gold LE

Players

Arctur

  • Race: Terran Terran
  • Spawn Location: 7:00

BlyOnFire (Bly) - Winner!

  • Race: Zerg Zerg
  • Spawn Location: 1:00

Event: DreamHack SC2 Masters 2020 Summer Europe

VOD

Have the link to the VOD?

Description

Time

  • Played on: July 4, 2020, 11:53 a.m.
  • Length: 14:12

All games in this series

Show
View Real Time Build Order
Export as new Build Order

Arctur Terran 

Build Orders: Hellion Opening, Reaper Expand 

Get SALT Encoding   

  12  0:00  SCV  
  13  0:13  SCV  
  14  0:18  Supply Depot  
  14  0:25  SCV  
  15  0:39  SCV  
  15  0:40  Barracks  
  16  0:46  Refinery  
  16  0:51  SCV  
  17  1:03  SCV  
  18  1:16  SCV  
  19  1:28  Orbital Command, Reaper  
  20  1:44  Command Center  
  20  1:53  Supply Depot  
  20  1:55  SCV  
  20  2:00  Marine  
  22  2:08  SCV  
  23  2:11  Factory  
  23  2:20  SCV  
  24  2:23  Barracks Reactor  
  24  2:27  Refinery  
  24  2:32  SCV  
  26  2:44  SCV  
  26  2:56  SCV  
  26  2:57  Orbital Command  
  26  2:58  Starport  
  27  3:06  Hellion  
  27  3:07  Hellion  
  27  3:08  SCV  
  32  3:14  Marine  
  33  3:20  SCV  
  33  3:23  Supply Depot  
  33  3:24  SCV  
  35  3:29  Hellion x2  
  39  3:38  SCV, Fusion Core  
  40  3:45  SCV  
  40  3:48  Supply Depot  
  40  3:50  SCV  
  40  3:52  Hellion  
  40  3:53  Hellion  
  45  3:56  Barracks Tech Lab  
  45  3:58  SCV  
  45  4:03  SCV  
  46  4:10  SCV  
  46  4:15  SCV  
  48  4:22  SCV  
  52  4:26  Supply Depot  
  52  4:29  Battlecruiser, SCV  
  56  4:34  Hellion x2, SCV  
  61  4:41  SCV  
  61  4:45  Armory  
  62  4:47  SCV  
  63  4:54  SCV  
  63  4:56  Barracks Tech Lab  
  63  4:59  SCV  
  65  5:00  Supply Depot  
  65  5:03  Supply Depot  
  65  5:07  Bunker  
  65  5:09  Bunker  
  65  5:10  Factory Reactor  
  65  5:13  Supply Depot  
  65  5:14  SCV x2  
  67  5:21  Siege Tank  
  67  5:24  Marine x2, Command Center  
  67  5:26  SCV  
  67  5:27  SCV  
  71  5:42  Barracks  
  71  5:43  SCV x2  
  71  5:46  Barracks  
  71  5:47  Starport Reactor  
  71  5:55  SCV x2  
  73  5:57  Engineering Bay  
  73  5:59  Siege Tank, Marine  
  73  6:01  Stimpack  
  77  6:07  SCV x2  
  77  6:17  Marine  
  78  6:19  SCV x2  
  78  6:21  Refinery x2  
  78  6:24  Engineering Bay  
  80  6:31  SCV  
  81  6:33  SCV  
  81  6:34  Terran Infantry Weapons Level 1  
  81  6:35  Marine  
  81  6:36  Barracks Reactor  
  81  6:38  Orbital Command  
  83  6:40  Barracks x2  
  83  6:43  SCV  
  83  6:44  Marine x2  
  83  6:46  SCV  
  87  6:52  Siege Tank  
  87  6:53  Marine  
  91  6:55  SCV  
  91  7:01  SCV  
  93  7:02  Marine x2  
  95  7:11  Marine  
  95  7:12  SCV  
  95  7:13  SCV  
  94  7:19  Marine x4  
  98  7:24  SCV  
  98  7:27  Orbital Command, SCV  
  98  7:28  Marine, Terran Infantry Armor Level 1  
  98  7:29  Armory  
  101  7:36  Supply Depot, Marine x2, SCV  
  101  7:37  Siege Tank, Supply Depot, Marine x2  
  107  7:38  Barracks Reactor  
  109  7:51  Combat Shield  
  109  7:54  Supply Depot  
  109  7:57  Marine x2, SCV x3  
  109  7:58  Marauder  
  117  7:59  Medivac  
  117  8:01  Medivac  
  117  8:04  Marine x2  
  123  8:06  Barracks Reactor  
  123  8:09  SCV x3  
  123  8:11  Supply Depot  
  125  8:15  Marine  
  125  8:21  SCV  
  125  8:22  SCV x2  
  125  8:25  Marine  
  125  8:26  Marauder, Marine x3  
  132  8:30  Refinery, Medivac  
  132  8:32  Medivac  
  133  8:34  Bunker  
  129  8:43  Missile Turret x2  
  129  8:44  SCV  
  129  8:45  Marine x3  
  129  8:47  Marine x4, Missile Turret  
  129  8:48  Marine x2  
  120  8:50  SCV  
  120  8:51  SCV  
  120  8:55  Siege Tank  
  123  9:02  Marine x2  
  120  9:03  Marine  
  120  9:05  Marine x6  
  129  9:11  Terran Infantry Weapons Level 2  
  129  9:16  Command Center  
  127  9:17  Bunker  
  127  9:20  Marine x2  
  127  9:21  Marine  
  127  9:23  Marine  
  130  9:26  Marauder, Marine x4  
  130  9:30  Terran Infantry Armor Level 2  
  136  9:31  Terran Vehicle Weapons Level 1  
  136  9:38  Marine x2  
  136  9:39  Marine, Medivac  
  136  9:41  Marine  
  136  9:42  Medivac  
  136  9:43  SCV  
  136  9:45  Marine, SCV, Missile Turret  
  141  9:59  Supply Depot  
  141  10:00  Supply Depot, Marine x4, SCV  
  141  10:05  Marine x2, SCV  
  149  10:18  Supply Depot x3  
  149  10:20  Drilling Claws  
  149  10:21  Marine, Thor, Medivac x2  
  156  10:23  Marine  
  156  10:26  Factory  
  161  10:31  Marauder, Marine x5  
  168  10:36  SCV x2  
  168  10:40  SCV  
  171  10:49  Marine x2  
  173  10:51  Marine x2  
  173  10:52  Marauder, SCV  
  173  10:55  Marine x3, SCV x2  
  178  10:58  Marine  
  179  11:07  Marine x2  
  179  11:08  Marine  
  182  11:14  Marauder, Missile Turret  
  182  11:15  Planetary Fortress  
  184  11:22  Medivac  
  182  11:28  Marine x4  
  182  11:29  Marine  
  182  11:32  Factory Reactor  
  183  11:33  Widow Mine  
  183  11:34  Missile Turret  
  183  11:35  Marauder  
  183  11:47  Marine x2, SCV  
  183  11:54  Marine x4, SCV  
  158  11:55  Marine x2  
  158  11:57  Marauder  
  157  12:04  Widow Mine  
  157  12:05  Marine x2  
  157  12:10  SCV x2  
  157  12:12  Marine x4  
  157  12:13  Marine, SCV  
  163  12:20  Marine x2, SCV  
  163  12:22  SCV  
  121  12:32  Marine x2  
  121  12:33  Marine x2  
  121  12:34  SCV  
  121  12:36  SCV  
  99  12:38  Marauder  
  99  12:40  Marine, Widow Mine  
  99  12:42  SCV  
  103  12:45  Widow Mine  
  104  12:57  Widow Mine  
  103  13:02  SCV  
  104  13:12  Marine x2  
  91  13:13  Marauder, Marine x6, Widow Mine x2  
  91  13:19  Widow Mine  
  98  13:22  SCV  
  99  13:29  Orbital Command  
  99  13:30  Marine x2  
  99  13:31  Marine x4  
  97  13:34  Widow Mine  
  97  13:35  Widow Mine  
  97  13:39  SCV  
  97  13:40  Widow Mine, SCV  
  102  13:43  SCV  
  96  13:51  SCV  
  96  13:52  Marine x2  
  96  13:53  Marine x2  
Show
View Real Time Build Order
Export as new Build Order

BlyOnFire Zerg - Winner!

Build Orders: Hatch First, Muta Ling Bane 

Get SALT Encoding   

  12  0:01  Drone  
  13  0:13  Overlord  
  13  0:19  Drone  
  14  0:32  Drone x2  
  16  0:50  Hatchery  
  16  0:53  Drone  
  16  0:56  Drone  
  17  1:00  Drone  
  18  1:12  Extractor  
  18  1:16  Spawning Pool  
  16  1:19  Drone  
  16  1:25  Drone  
  18  1:29  Drone  
  19  1:40  Drone  
  20  1:50  Overlord  
  20  2:02  Queen  
  20  2:03  Queen  
  20  2:04  Zergling x4  
  26  2:15  Drone x2  
  28  2:17  Metabolic Boost  
  28  2:23  Drone  
  28  2:25  Drone  
  30  2:40  Hatchery  
  29  2:47  Drone x2  
  29  2:49  Overlord  
  31  3:00  Queen  
  31  3:01  Zergling x4  
  35  3:08  Drone x3  
  38  3:14  Drone x2  
  38  3:18  Overlord  
  40  3:23  Drone x2  
  42  3:34  Overlord  
  42  3:36  Drone  
  42  3:38  Overlord  
  42  3:39  Roach Warren  
  42  3:46  Overlord  
  42  3:55  Drone x6  
  42  3:57  Overlord  
  46  4:04  Drone x3, Extractor  
  46  4:08  Lair  
  48  4:10  Zergling x2  
  49  4:17  Drone x3  
  49  4:19  Spore Crawler  
  51  4:29  Extractor  
  51  4:31  Roach x3  
  57  4:41  Roach x2  
  57  4:42  Overlord  
  61  4:48  Drone  
  61  4:49  Drone x2, Overlord, Queen  
  61  4:51  Zergling x4  
  68  4:54  Overlord  
  68  4:59  Roach x2  
  72  5:01  Overlord  
  72  5:10  Queen  
  71  5:14  Drone x5  
  71  5:17  Spore Crawler  
  75  5:28  Spore Crawler  
  74  5:29  Spore Crawler  
  72  5:40  Glial Reconstitution  
  72  5:43  Drone x2  
  72  5:44  Drone x3  
  72  5:45  Spore Crawler, Extractor  
  72  5:48  Roach x6  
  84  5:53  Queen  
  84  5:56  Overlord  
  82  6:01  Roach x2  
  82  6:04  Overlord  
  84  6:12  Drone x3  
  84  6:15  Spire  
  82  6:18  Drone x3  
  82  6:22  Drone  
  82  6:23  Drone  
  87  6:28  Drone x6  
  93  6:34  Extractor  
  93  6:35  Extractor  
  91  6:43  Drone x2  
  91  6:44  Drone  
  94  6:56  Overlord  
  94  6:58  Overlord  
  94  7:02  Overlord  
  94  7:08  Evolution Chamber  
  94  7:09  Hatchery  
  94  7:10  Evolution Chamber  
  94  7:12  Overlord  
  94  7:15  Hatchery  
  91  7:18  Roach x9  
  109  7:23  Hatchery  
  109  7:30  Drone x9  
  109  7:36  Zerg Missile Weapons Level 1, Zerg Ground Armor Level 1  
  118  7:55  Mutalisk x6  
  118  7:56  Hatchery, Mutalisk  
  131  7:59  Drone x2  
  131  8:00  Mutalisk  
  131  8:03  Mutalisk  
  137  8:12  Drone  
  138  8:13  Baneling Nest  
  138  8:15  Overlord  
  138  8:16  Overlord  
  138  8:17  Overlord  
  133  8:21  Overlord  
  133  8:23  Overlord  
  129  8:34  Roach x8  
  135  8:50  Mutalisk x7  
  149  9:00  Overlord  
  141  9:10  Centrifical Hooks  
  141  9:11  Overlord  
  141  9:12  Mutalisk x2  
  141  9:15  Zergling x10  
  150  9:20  Hatchery  
  147  9:29  Drone x5  
  146  9:39  Baneling x10  
  146  9:45  Zergling x2  
  146  9:46  Zergling x22  
  158  9:54  Hatchery  
  158  9:55  Zerg Flyer Weapons Level 1  
  158  9:57  Zerg Ground Armor Level 2  
  158  9:58  Zerg Melee Weapons Level 1  
  157  10:05  Zergling x18  
  157  10:06  Overlord  
  166  10:15  Overlord  
  166  10:17  Drone x4  
  166  10:19  Overlord  
  170  10:22  Spine Crawler  
  163  10:32  Baneling  
  163  10:36  Baneling x26  
  163  10:42  Zergling x24  
  175  10:58  Ravager x4  
  175  10:59  Spore Crawler  
  176  11:07  Mutalisk x3  
  182  11:17  Infestation Pit, Zergling x36  
  199  11:18  Overlord  
  199  11:20  Extractor  
  195  11:35  Zergling x12  
  195  11:36  Baneling  
  195  11:37  Baneling x7  
  199  11:43  Overlord  
  186  11:48  Zergling x24  
  186  11:55  Zergling x20  
  194  12:02  Hive  
  194  12:05  Zergling x10  
  194  12:06  Baneling x14  
  191  12:13  Ravager  
  190  12:17  Extractor x2  
  187  12:29  Hatchery  
  153  12:30  Zergling x22  
  153  12:33  Mutalisk x3  
  157  12:47  Mutalisk x2  
  154  13:00  Baneling x4  
  131  13:14  Zergling x2  
  131  13:15  Zergling x28  
  146  13:20  Pneumatized Carapace  
  137  13:34  Zergling x28  
  149  13:41  Zergling x6  
  149  13:45  Ultralisk Cavern  
  149  13:53  Zergling x12  
  150  14:01  Hatchery  
Tags
 
Add a new tag
Caveats
  • Supply blocks, unpowered buildings, or Contaminate may cause inaccurate times.
  • Supply counts are checked every 10 seconds.